AoeStats
← RustyShackleford

Arabia

510227549Analyzed
2v2 RM · 3d ago on Sep 30, 2026· 38m 44s· 4 players
Game mode
Random Map
Map size
Medium (4 player)
Population
200
Speed
Normal
Resources
Standard
Victory
Conquest
Starting age
Dark Age
Ending age
Imperial Age
RankedLock teamsTeams togetherTeam positionsShared explorationLock speedFull tech treeHidden civsTurbo modeCheats
Victory
Defeat
🇺🇸 Mongols · United States
684
+12
🇺🇸 Persians · United States
584
+16
🇨🇳 Mongols · China
705
-39
🇨🇴 Danes · Colombia
468
-9
RustyShackleford
10:43 Feudal Age
8:59 Loom
11:18 Double-Bit Axe
13:26 Horse Collar
22:12 Castle Age
21:31 Forging
21:28 Scale Barding Armor
23:26 Gold Mining
23:51 Bloodlines
26:37 Bow Saw
27:03 Heavy Plow
29:21 Iron Casting
31:53 Chain Barding Armor
32:35 Wheelbarrow
34:40 Hand Cart
34:38 Town Watch
36:37 Gold Shaft Mining
klimo1313
7:55 Loom
10:46 Feudal Age
11:10 Horse Collar
12:34 Scale Barding Armor
16:11 Forging
16:21 Bloodlines
25:49 Castle Age
23:39 Double-Bit Axe
23:49 Gold Mining
26:32 Padded Archer Armor
26:22 Fletching
26:40 Husbandry
27:48 Bodkin Arrow
33:14 Elite Skirmisher
34:01 Thumb Ring
34:57 Iron Casting
lin
12:17 Feudal Age
12:47 Horse Collar
12:55 Double-Bit Axe
15:39 Stone Mining
15:42 Gold Mining
27:31 Castle Age
28:21 Crossbowman
32:02 Bow Saw
32:45 Gold Shaft Mining
victorthebest12
0:56 Loom
13:45 Feudal Age
13:55 Man-at-Arms
16:10 Double-Bit Axe
18:16 Wheelbarrow
18:49 Scale Mail Armor
20:23 Bloodlines
20:36 Fletching
20:56 Forging
22:32 Gold Mining
25:25 Padded Archer Armor
25:35 Forging
25:30 Scale Barding Armor
32:21 Castle Age
32:47 Arson
32:51 Gambesons
33:10 Squires
Connection lost

Rejoining the realm…

Still unreachable

The connection could not be restored.

Session expired

The server has moved on; the page needs a fresh start.